 Dungeon Crawl Stone Soup version 0.31-a0-360-gb3e1d13bf4 (webtiles) character file.

Game seed: 13617167871873236745

186 randomguy2701 the Chopper (level 5, -2/47 HPs)
             Began as a Minotaur Fighter on July 26, 2023.
             Slain by a gnoll
             ... wielding a +0 halberd
              (6 damage)
             ... on level 3 of the Dungeon.
             The game lasted 00:01:49 (2008 turns).

randomguy2701 the Chopper (Minotaur Fighter)        Turns: 2008, Time: 00:01:50

Health: -2/47      AC:  7    Str: 20    XL:     5   Next: 38%
Magic:  4/4        EV:  9    Int:  5    God:
Gold:   104        SH:  5    Dex: 12    Spells: 4/4 levels left

rFire   . . .        a - +0 war axe
rCold   . . .        c - +0 buckler
rNeg    . . .        b - +0 scale mail
rPois   .            (helmet restricted)
rElec   .            (no cloak)
rCorr   .            (no gloves)
SInv    .            (no boots)
Will    .....        (no amulet) Stlth
                     (no ring)
HPRegen 0.27/turn    (no ring)
MPRegen 0.09/turn

%: no passive effects
@: no status effects
A: horns 2, retaliatory headbutt
a: no special abilities


You were on level 3 of the Dungeon.
You visited 1 branch of the dungeon, and saw 3 of its levels.

You collected 104 gold pieces.

Inventory:

Hand Weapons
 a - a +0 war axe (weapon)
Armour
 b - a +0 scale mail (worn)
 c - a +0 buckler (worn)
 o - an orb of wrath
Scrolls
 e - 5 scrolls of identify {unknown}
 g - a scroll of fog {unknown}
 h - 2 scrolls of enchant armour {unknown}
 j - a scroll of brand weapon {unknown}
 k - a scroll of silence {unknown}
 m - a scroll of poison {unknown}
 n - a scroll of teleportation {unknown}
Potions
 d - 2 potions of might
 f - 2 potions of lignification {unknown}
 i - a potion of haste {unknown}
 l - a potion of heal wounds {unknown}


   Skills:
 + Level 4.4 Fighting
 + Level 4.8 Axes
 + Level 4.6 Armour
 + Level 1.0 Dodging
 - Level 0.2 Stealth
 + Level 4.3 Shields


You had 4 spell levels left.
You didn't know any spells.
Your spell library contained the following spells:

 Spells                   Type           Power      Damage    Failure   Level
 Call Canine Familiar     Summ           0%         N/A       99%         3
 Portal Projectile        Hex/Tloc       0%         N/A       99%         3
 Volatile Blastmotes      Fire/Tloc      0%         2d10      99%         3
 Fulminant Prism          Conj/Hex       0%         3d5       100%        4
 Iskenderun's Mystic Bla  Conj/Tloc      0%         2d3       100%        4
 Leda's Liquefaction      Hex/Erth       0%         N/A       100%        4


Dungeon Overview and Level Annotations

Branches:
Dungeon (3/15)

Altars:


Innate Abilities, Weirdness & Mutations

You have a pair of horns on your head.
You reflexively headbutt those who attack you in melee.


Message History

No target in view!
A sleepcap and a gnoll come into view.
The gnoll shouts!
There are monsters nearby!
There are monsters nearby!
The gnoll hits you with a +0 halberd.
A gnoll comes into view. It is wielding a +0 flail.
The gnoll shouts!
You hit the sleepcap.
The sleepcap is lightly damaged.
You barely miss the gnoll. The gnoll hits you with a +0 halberd!
The sleepcap releases spores at you.
You are engulfed in a cloud of soporific spores!
You fall asleep.
The gnoll hits you with a +0 halberd!
You wake up.
The sleepcap releases spores at you.
* * * LOW HITPOINT WARNING * * *
You are engulfed in a cloud of soporific spores!
You are unaffected.
You barely miss the gnoll. Your headbutt misses the gnoll.
You hit the sleepcap.
The sleepcap releases spores at you but does no damage.
The gnoll hits you with a +0 halberd!
* * * LOW HITPOINT WARNING * * *
The sleepcap barely misses you. The gnoll barely misses you.
You furiously retaliate!
You headbutt the gnoll. You hit the gnoll but do no damage.
You headbutt the gnoll, but do no damage.
The gnoll is moderately wounded.
You hit the sleepcap. You barely miss the gnoll.
The gnoll hits you with a +0 halberd.
* * * LOW HITPOINT WARNING * * *
The gnoll closely misses you. You furiously retaliate!
You headbutt the gnoll. The sleepcap closely misses you.
You furiously retaliate!
You headbutt the sleepcap! You closely miss the gnoll.
The gnoll is heavily wounded.
You closely miss the gnoll. You hit the sleepcap.
The gnoll hits you with a +0 halberd.
You die...

#........).#
##..##.###.# #+# ##
#.# #.# #.#
#.##.###.# #.#
#........# ##.##
####.########...##
#.# ##.......#
#.####.....gf##.###
#..........@g......
######.....####.###
##...## #####


You could see a sleepcap and 2 gnolls.

Vanquished Creatures
  A bullfrog (D:3)
  2 adders
  4 gnolls
  A worm (D:2)
  9 ball pythons
  5 endoplasms
  3 giant cockroaches
  3 hobgoblins
  6 jackals
  4 quokkas
  4 bats
  4 goblins
  6 kobolds
  7 rats
59 creatures vanquished.

Notes
Turn   | Place    | Note
-------+----------+-------------------------------------------
     0 | D:1      | randomguy2701 the Minotaur Fighter began the quest for the
                  | Orb.
     0 | D:1      | Reached XP level 1. HP: 19/19 MP: 0/0
   130 | D:1      | You fall into a shaft and drop 1 floor!
   167 | D:2      | Reached XP level 2. HP: 27/27 MP: 1/1
   289 | D:2      | Identified the +1 mace of Nemelex Xobeh's Grace {heavy,
                  | rPois SInv}
   399 | D:2      | Reached XP level 3. HP: 33/33 MP: 2/2
  1217 | D:1      | Reached XP level 4. HP: 40/40 MP: 3/3
  1811 | D:3      | Noticed a bullfrog
  1818 | D:3      | Killed a bullfrog
  1819 | D:3      | Reached XP level 5. HP: 41/47 MP: 4/4
  1965 | D:3      | Reached skill level 1 in Dodging
  2008 | D:3      | Slain by a gnoll

Illustrated notes

Levels and vault maps discovered:
D:1:      tarquinn_simple_flora_water_e, layout_loops_corners,
          minmay_crystal_room
D:2:      layout_basic, minmay_heptomino_w4
D:3:      layout_loops_corners, nicolae_the_louvre

Skill      XL: |  1  2  3  4  5 |
---------------+----------------+-----
Axes           | 3 4 |  4.8
Shields        | 4 |  4.3
Armour         | 4 |  4.6
Fighting       | 4 |  4.4
Dodging        | 1 |  1.0
Stealth        | |  0.2

Action                     |  1- 3 |  4- 6 || total
---------------------------+-------+-------++-------
  Melee: War axe           |    79 |    35 ||   114
         Headbutt          |     9 |     5 ||    14
 Armour: Scale mail        |    35 |    11 ||    46
  Dodge: Dodged            |    46 |    18 ||    64
  Block: Buckler           |    17 |     8 ||    25

Table legend: (Time is in decaauts)
 A = Elapsed time spent in this place.
 B = Non-inter-level travel time spent in this place.
 C = Inter-level travel time spent in this place.
 D = Time resting spent in this place.
 E = Time spent auto-exploring this place.
 F = Levels seen in this place.
 G = Mean time per level.
                   A        B        C        D        E       F      G
               +--------+--------+--------+--------+--------+-----+--------+
         Total |   2047 |   1935 |    112 |      0 |   1629 |   3 |  682.3 |
       Dungeon |   2047 |   1935 |    112 |      0 |   1629 |   3 |  682.3 |
               +--------+--------+--------+--------+--------+-----+--------+

Top non-repeatable levels by time:
     D:1: 1010 daAuts
     D:2: 757 daAuts
     D:3: 280 daAuts
